 Dungeon Crawl Stone Soup version 0.32-a0-39-g5c88369fb2 (webtiles) character file.

Game seed: 4495194707295167099

4 snark the Conjurer (level 1, -1/13 HPs)
             Began as a Mummy Conjurer on Jan 26, 2024.
             Slain by a rat (2 damage)
             ... on level 1 of the Dungeon.
             The game lasted 00:01:00 (125 turns).

snark the Conjurer (Mummy Conjurer)                  Turns: 125, Time: 00:01:00

Health: -1/13      AC:  2    Str: 10    XL:     1   Next: 50%
Magic:  1/4        EV: 11    Int: 17    God:
Gold:   32         SH:  0    Dex: 10    Spells: 4/5 levels left

rFire   x . .        (no weapon)
rCold   + . .        (no shield)
rNeg    + + +        a - +0 robe
rPois   ∞            (no helmet)
rElec   .            (no cloak)
rCorr   .            (no gloves)
SInv    .            (no boots)
Will    .....        (no amulet)
Stlth   ++           (no ring)
HPRegen 0.22/turn    (no ring)
MPRegen 0.09/turn

%: faith
@: no status effects
A: cold resistance 1, negative energy resistance 3, torment resistance 2, heat
vulnerability 1, in touch with death 1, no potions, faith
a: no special abilities


You were on level 1 of the Dungeon.
You visited 1 branch of the dungeon, and saw 1 of its levels.

You collected 32 gold pieces.

Inventory:

Missiles
 d - 5 boomerangs
 e - 10 stones
Armour
 a - a +0 robe (worn)
Magical Staves
 f - a staff of cold
Potions
 b - a potion of berserk rage {unknown}
 c - 2 potions of invisibility {unknown}


   Skills:
 + Level 1.5 Dodging
 + Level 1.5 Stealth
 + Level 2.7 Spellcasting
 + Level 3.4 Conjurations


You had 4 spell levels left.
You knew the following spells:

 Your Spells              Type           Power      Damage    Failure   Level
a - Magic Dart            Conj           56%        1d5       4%          1

Your spell library contained the following spells:

 Spells                   Type           Power      Damage    Failure   Level
 Searing Ray              Conj           28%        2d5       7%          2
 Fulminant Prism          Conj/Alch      4%         3d5       65%         4
 Iskenderun's Mystic Bla  Conj/Tloc      8%         2d4       65%         4


Dungeon Overview and Level Annotations

Branches:
Dungeon (1/15)

Altars:


Innate Abilities, Weirdness & Mutations

You are immune to poison.
Your flesh is cold resistant. (rC+)
You are immune to negative energy. (rN+++)
You are immune to unholy pain and torment.
You are vulnerable to heat. (rF-)
You are in touch with the powers of death.
You do not drink.
You have a special connection with the divine. (Faith)


Message History

The rat squeaks loudly.
The magic dart hits the goblin.
You kill the goblin!
You are out of magic!
You are out of magic!
You are out of magic!
You are out of magic!
You are out of magic!
You are out of magic!
You are out of magic!
The frilled lizard closely misses you.
Your magical contamination has completely faded away.
The endoplasm barely misses you.
The endoplasm attacks as it pursues you!
The endoplasm hits you.
A rat comes into view.
The rat closely misses you. The endoplasm hits you.
The frilled lizard bites you.
The endoplasm attacks as it pursues you!
The endoplasm misses you.
The frilled lizard completely misses you.
The rat attacks as it pursues you! The rat closely misses you.
The endoplasm attacks as it pursues you!
The endoplasm closely misses you.
The frilled lizard attacks as it pursues you!
The frilled lizard bites you.
The endoplasm attacks as it pursues you!
The endoplasm hits you.
The frilled lizard attacks as it pursues you!
The frilled lizard bites you.
The frilled lizard attacks as it pursues you!
The frilled lizard bites you.
* * * LOW HITPOINT WARNING * * *
The endoplasm attacks as it pursues you!
The endoplasm hits you.
* * * LOW HITPOINT WARNING * * *
The frilled lizard attacks as it pursues you!
The frilled lizard bites you but does no damage.
The rat attacks as it pursues you! The rat bites you.
You die...

.....#.....#......#
#....#......#.....# ..
#....#..#.....##### .
#....#...†.........
#...<.#............
#..................
#..................
#........rJl.......
#....#........@.......>
#....#.................
......#...............#
....(.#...........#....
.....#.#..........#.##
#.......#.........# #
.........###......#
S........ .#......
....... ####


You could see an endoplasm, a frilled lizard and a rat.

Vanquished Creatures
  A bat (D:1)
  An endoplasm (D:1)
  A goblin (D:1)
3 creatures vanquished.

Notes
Turn   | Place    | Note
-------+----------+-------------------------------------------
     0 | D:1      | snark the Mummy Conjurer began the quest for the Orb.
     0 | D:1      | Reached XP level 1. HP: 13/13 MP: 4/4
   125 | D:1      | Slain by a rat

Illustrated notes

Levels and vault maps discovered:
D:1:      dpeg_arrival_solitude, layout_rooms

Action                     || total
---------------------------++-------
   Cast: Magic Dart        ||     9
 Armour: Robe              ||    12
  Dodge: Dodged            ||     7

Table legend: (Time is in decaauts)
 A = Elapsed time spent in this place.
 B = Non-inter-level travel time spent in this place.
 C = Inter-level travel time spent in this place.
 D = Time resting spent in this place.
 E = Time spent auto-exploring this place.
 F = Levels seen in this place.
 G = Mean time per level.
                   A        B        C        D        E       F      G
               +--------+--------+--------+--------+--------+-----+--------+
         Total |    125 |    125 |      0 |      0 |     26 |   1 |  125.0 |
       Dungeon |    125 |    125 |      0 |      0 |     26 |   1 |  125.0 |
               +--------+--------+--------+--------+--------+-----+--------+

Top non-repeatable levels by time:
     D:1: 125 daAuts
